 Dungeon Crawl Stone Soup version 0.25-a0-265-g7af84ae0ac (webtiles) character file.

Game seed: 4573255593729695875, levelgen mode: classic

1312 Borgoz the Twirler (level 8, -2/50 HPs)
             Began as a Gargoyle Gladiator on Dec 7, 2019.
             Was a Believer of Okawaru.
             Slain by an orc warrior
             ... wielding a +0 long sword
              (12 damage)
             ... on level 5 of the Dungeon.
             The game lasted 00:09:08 (5283 turns).

Borgoz the Twirler (Gargoyle Gladiator)             Turns: 5283, Time: 00:09:09

Health: -2/50      AC: 12    Str: 19    XL:     8   Next: 58%
Magic:  8/8        EV: 13    Int: 10    God:    Okawaru [**....]
Gold:   219        SH:  0    Dex: 11    Spells: 7/7 levels left

rFire    . . .     SeeInvis .   a - +0 quarterstaff
rCold    . . .     Gourm    .   (shield currently unavailable)
rNeg     + . .     Faith    .   b - +0 leather armour
rPois    ∞         Spirit   .   c - +0 helmet
rElec    +         Reflect  .   m - +0 cloak
rCorr    +         Harm     .   (no gloves)
MR       .....                  (no boots)
Stlth    +.........             (no amulet)
HPRegen  0.16/turn              q - ring of resist corrosion
MPRegen  0.11/turn              r - +1 ring of protection

@: no status effects
A: negative energy resistance 1, electricity resistance, unbreathing,
petrification resistance, rot immunity, AC +5
a: Heroism, Renounce Religion


You were on level 5 of the Dungeon.
You worshipped Okawaru.
Okawaru was pleased with you.
You were hungry.

You visited 2 branches of the dungeon, and saw 7 of its levels.

You collected 219 gold pieces.

Inventory:

Hand Weapons
 a - a +0 quarterstaff (weapon)
Missiles
 d - 3 throwing nets (quivered)
Armour
 b - a +0 leather armour (worn)
 c - a +0 helmet (worn)
 m - a +0 cloak (worn)
Jewellery
 q - a ring of resist corrosion (left hand)
 r - a +1 ring of protection (right hand)
Wands
 s - a wand of enslavement (3)
 v - a wand of polymorph (7)
Scrolls
 e - 5 scrolls of identify {unknown}
 i - 2 scrolls of magic mapping {unknown}
 j - 3 scrolls of teleportation {unknown}
 k - 2 scrolls of blinking {unknown}
 l - 5 scrolls of remove curse
 p - 2 scrolls of random uselessness {unknown}
 t - a scroll of noise {unknown}
 w - a scroll of enchant armour {unknown}
Potions
 g - 3 potions of curing {unknown}
 h - 3 potions of cancellation {unknown}
 n - 2 potions of berserk rage {unknown}
 o - a potion of invisibility {unknown}
 u - 2 potions of flight {unknown}
Comestibles
 f - 12 rations
 x - 5 chunks of flesh


   Skills:
 + Level 5.4 Fighting
 * Level 7.1 Staves
 - Level 1.7 Throwing
 + Level 4.6 Armour
 + Level 4.4 Dodging


You had 7 spell levels left.
You didn't know any spells.
Your spell library contained the following spells:

 Spells                   Type           Power        Failure   Level  Hunger
 Magic Dart               Conj           #...         41%         1    ##.....
 Blink                    Tloc           N/A          54%         2    ###....
 Call Imp                 Summ           #.......     54%         2    ###....
 Slow                     Hex            #.......     54%         2    ###....
 Conjure Flame            Conj/Fire      #.......     78%         3    ####...
 Mephitic Cloud           Conj/Pois/Air  #.......     78%         3    ####...


Dungeon Overview and Level Annotations

Branches:
Dungeon (6/15)             Temple (1/1) D:4

Altars:
Cheibriados
Dithmenos
Elyvilon
Fedhas
Gozag
Hepliaklqana
Kikubaaqudgha
Makhleb
Nemelex Xobeh
Okawaru
Ru
Sif Muna
Trog
Uskayaw
Vehumet
Wu Jian
Xom
Zin
The Shining One

Annotations:
D:4 3 runed translucent doors, Borgoz's ghost, amateur HOMo


Innate Abilities, Weirdness & Mutations

You are resistant to torment.
Your stone body is resilient. (AC +5)
You are immune to poison.
You resist negative energy. (rN+)
You are resistant to electric shocks. (rElec)
You can survive without breathing.
You are immune to petrification.
You are immune to rotting.


Message History

You hit the orc warrior.
The orc warrior is lightly wounded.
The orc warrior hits you with a +0 long sword.
You hit the orc warrior.
The orc warrior is moderately wounded.
You barely miss the orc warrior.
The orc warrior is moderately wounded.
The orc warrior barely misses you.
You hit the orc warrior.
The orc warrior is heavily wounded.
The orc warrior hits you with a +0 long sword.
* * * LOW HITPOINT WARNING * * *
You barely miss the orc warrior.
The orc warrior is heavily wounded.
The orc warrior hits you but does no damage.
Okay, then.
You completely miss the orc warrior.
The orc warrior is heavily wounded.
The orc warrior hits you with a +0 long sword!
You die...

#....... #.......
#.......
#######....##
#########....##....##
#...................#
#...................'
#...)[..............#
#...@[.......##....##
##..o(##.....####+###
#######............)
#..............
#..............
#..............
#......##....##
#......##....##
#............##


You could see an orc warrior.

Vanquished Creatures
  A black bear (D:2)
  A phantom (D:5)
  A sky beast (D:5)
  An ogre (D:5)
  A bullfrog (D:5)
  A scorpion (D:5)
  A howler monkey (D:3)
  A crimson imp (D:5)
  A bullfrog zombie (D:5)
  A hound (D:4)
  4 orc wizards
  2 orc priests
  3 centaur skeletons
  A gnoll shaman (D:3)
  An iguana (D:5)
  4 worker ants
  A worker ant zombie (D:5)
  Robin (D:3)
  3 gnolls (D:4)
  11 adders
  A shadow imp (D:5)
  4 oozes
  An adder skeleton (D:6)
  2 dart slugs
  4 leopard geckos
  13 orcs
  8 giant cockroaches
  13 hobgoblins
  7 jackals
  9 kobolds
  A quokka (D:2)
  9 bats
  7 frilled lizards
  10 goblins
  8 rats
138 creatures vanquished.

Notes
Turn   | Place    | Note
-------+----------+-------------------------------------------
     0 | D:1      | Borgoz the Gargoyle Gladiator began the quest for the Orb.
     0 | D:1      | Reached XP level 1. HP: 12/12 MP: 1/1
   218 | D:1      | Reached XP level 2. HP: 13/18 MP: 2/2
   495 | D:1      | Reached skill level 1 in Armour
   499 | D:1      | Reached XP level 3. HP: 12/22 MP: 3/3
   941 | D:2      | Found an iron altar of Okawaru.
   981 | D:2      | Became a worshipper of Warmaster Okawaru
  1380 | D:2      | Found a shimmering altar of Xom.
  1407 | D:2      | Noticed a black bear
  1418 | D:2      | Killed a black bear
  1418 | D:2      | Reached skill level 4 in Staves
  1418 | D:2      | Reached XP level 4. HP: 9/28 MP: 4/4
  1418 | D:2      | Reached XP level 5. HP: 10/32 MP: 5/5
  1666 | D:2      | Found a glowing golden altar of the Shining One.
  2050 | D:2      | Found a hazy altar of Hepliaklqana.
  2332 | D:3      | Reached * piety under Okawaru
  2345 | D:3      | Reached XP level 6. HP: 25/37 MP: 6/6
  2547 | D:3      | Found a sparkling altar of Nemelex Xobeh.
  2599 | D:3      | Noticed Robin
  2603 | D:3      | Killed Robin
  2925 | D:3      | Reached skill level 5 in Staves
  3252 | D:3      | Found an opulent altar of Gozag.
  3255 | D:3      | Found a radiant altar of Vehumet.
  3256 | D:3      | Found a snail-covered altar of Cheibriados.
  3258 | D:3      | Found an ancient bone altar of Kikubaaqudgha.
  3571 | D:4      | Reached XP level 7. HP: 39/43 MP: 7/7
  3574 | D:4      | Found a runed translucent gate.
  3576 | D:4      | Found a runed translucent gate.
  3576 | D:4      | Found a runed translucent gate.
  3929 | D:4      | Noticed Borgoz's ghost (amateur HOMo)
  3948 | D:4      | Found a staircase to the Ecumenical Temple.
  4059 | Temple   | Entered the Ecumenical Temple
  4329 | D:5      | Entered Level 5 of the Dungeon
  4413 | D:5      | Reached ** piety under Okawaru
  4413 | D:5      | Reached skill level 6 in Staves
  4545 | D:5      | Reached XP level 8. HP: 47/48 MP: 8/8
  4731 | D:5      | Reached skill level 5 in Fighting
  5101 | D:5      | Reached skill level 7 in Staves
  5112 | D:6      | Found a shimmering blue altar of Sif Muna.
  5283 | D:5      | Slain by an orc warrior

Levels and vault maps discovered:
D:1:      beargit_arrival_greenhouse, layout_rooms, patterned_corridor
D:2:      layout_loops_corners, okawaru_gym_becter, marbit_many_paths,
          overflow_temple_1_default, lemuel_coloured_pillars_altar, first_ration
D:3:      minmay_octagon_keep, layout_basic, minitemple, lemuel_doored_altar,
          uniq_robin
D:4:      layout_rooms, minmay_temple_entry_poolview, gammafunk_ghost_icy
D:5:      layout_gridville
D:6:      layout_layer_cave, lemuel_crystal_altar
Temple:   compressed_dpeg_triangle_lava_temple

Skill      XL: |  1  2  3  4  5  6  7  8 |
---------------+-------------------------+-----
Armour         | 1 2 3 4 |  4.6
Fighting       | 3 4 5 |  5.4
Staves         | 4 5 6 7 |  7.1
Dodging        | 3 4 |  4.4
Throwing       | |  1.7

Action                   |  1- 3 |  4- 6 |  7- 9 || total
-------------------------+-------+-------+-------++-------
Melee: Quarterstaff      |   113 |   234 |   219 ||   566
  Use: Scroll            |       |     1 |       ||     1
 Stab: Sleeping          |       |       |     2 ||     2
  Eat: Chunk             |     1 |     8 |     5 ||    14
Armor: Leather armour    |    69 |   102 |    92 ||   263
Dodge: Dodged            |    95 |   168 |   159 ||   422

Table legend:
 A = Non-vault XP
 B = Vault XP
 C = Vault XP percentage of total XP
 D = Non-vault monster count
 E = Vault monster count
 F = Vault count percentage of total count
                 A         B        C        D         E       F
            +---------+---------+-------+---------+---------+-------
      Total |    1780 |      95 |   5.1 |     114 |      24 |  17.4
            +---------+---------+-------+---------+---------+-------
        D:1 |      48 |       0 |   0.0 |      21 |       0 |   0.0
        D:2 |     189 |       2 |   1.0 |      17 |       1 |   5.6
        D:3 |     199 |      93 |  31.8 |      32 |      23 |  41.8
        D:4 |     299 |       0 |   0.0 |      13 |       0 |   0.0
        D:5 |     952 |       0 |   0.0 |      24 |       0 |   0.0
        D:6 |      93 |       0 |   0.0 |       7 |       0 |   0.0
            +---------+---------+-------+---------+---------+-------
